 Dungeon Sprint DCSS version 0.16.1-28-gcc2312f (webtiles) character file.

14 Kidiri the Firebug (level 2, -2/18 HPs)
             Began as a High Elf Fire Elementalist on May 28, 2015.
             Was a Follower of Vehumet.
             Slain by a river rat (9 damage)
             ... in the Dungeon (Sprint VII: "The Pits").
             The game lasted 00:01:53 (148 turns).

Kidiri the Firebug (High Elf Fire Elementalist)      Turns: 148, Time: 00:01:53

Health: -2/18      AC:  2    Str:  7    XL:     2   Next: 31%
Magic:  0/7        EV: 13    Int: 18    God:    Vehumet [*.....]
Gold:   0          SH:  0    Dex: 15    Spells: 2 memorised, 4 levels left

rFire  . . .     SeeInvis .     j - +2 falchion
rCold  . . .     Clarity  .     a - +0 robe
rNeg   . . .     SustAb   .     (no shield)
rPois  .         Gourm    .     (no helmet)
rElec  .         Spirit   .     (no cloak)
rCorr  .         Warding  .     (no gloves)
rMut   .         NoTele   +     (no boots)
MR     .....                    (no amulet)
Stlth  ++........               (no ring)
                                (no ring)

@: not resistant to hostile enchantments, unstealthy
A: no striking features
a: Renounce Religion


You were in the Dungeon.
You worshipped Vehumet.
Vehumet was aware of your devotion.
You were not hungry.

You visited 1 branch

Inventory:

Hand weapons
 j - a +2 falchion (weapon)
Armour
 a - a +0 robe (worn)
Scrolls
 i - a scroll of blinking
 n - 3 scrolls of remove curse
 o - 5 scrolls of amnesia
 p - a scroll of summoning
Potions
 d - a potion of curing
 e - a potion of heal wounds
 f - a potion of haste
 g - 4 potions of magic
 h - 3 potions of berserk rage
 m - 2 potions of invisibility
Books
 b - a book of Flames

   Spells                             Type                      Level
   a - Flame Tongue                   Conjuration/Fire             1
   b - Throw Flame                    Conjuration/Fire             2
   c - Conjure Flame                  Conjuration/Fire             3
   d - Inner Flame                    Hexes/Fire                   3
   e - Sticky Flame                   Conjuration/Fire             4
   f - Fireball                       Conjuration/Fire             5
Comestibles
 c - 8 bread rations
 k - 40 fruits
 l - 7 meat rations


   Skills:
 + Level 1.2 Fighting
 + Level 1.6 Long Blades
 * Level 2.9 Dodging
 + Level 2.8 Stealth
 * Level 3.2 Spellcasting
 * Level 2.1 Conjurations
 * Level 3.6 Fire Magic


You had 4 spell levels left.
You knew the following spells:

 Your Spells              Type           Power        Failure   Level  Hunger
a - Flame Tongue          Conj/Fire      ##...        6%          1    None
b - Throw Flame           Conj/Fire      ##....       10%         2    ##.....


Dungeon Overview and Level Annotations

Branches:
Dungeon (1/1)

Altars:
Ashenzari
Cheibriados
Dithmenos
Elyvilon
Fedhas
Gozag
Kikubaaqudgha
Makhleb
Nemelex Xobeh
Okawaru
Qazlal
Ru
Sif Muna
Trog
Vehumet
Xom
Yredelemnul
Zin
The Shining One
Beogh
Jiyva
Lugonu


Message History

Press: ? - help, Shift-Dir - straight line, f/p - river rat
Aim: a river rat (moderately wounded)
The flame tongue hits the river rat.
The river rat is heavily wounded.
The river rat barely misses you.
Casting: Flame Tongue
Confirm with . or Enter, or press ? or * to list all spells.
You don't have enough magic to cast that spell.
Unknown command.
You hit the river rat but do no damage.
The river rat is heavily wounded.
The river rat barely misses you.
You barely miss the river rat.
The river rat is heavily wounded.
The river rat bites you.
You hit the river rat.
The river rat is severely wounded.
The river rat misses you. The river rat bites you!
Ouch! That really hurt!
You die...

#_#)).#.#?(##......#..#.
#######'#####...........
#...........'...........
#+#####'#####......#..#.
#...'.##...........
#...#.#####'#####++
#####.##.......#
+...#.##.......#
+r@.'.##.......#
########...<...#
#.......# #.......#
#.......# #########


You could see a river rat.

Vanquished Creatures
  2 giant eyeballs (D)
  An ooze (D)
  A bat skeleton (D)
4 creatures vanquished.

Notes
Turn   | Place    | Note
--------------------------------------------------------------
     0 | D        | Kidiri, the High Elf Fire Elementalist, began the quest for the Orb.
     0 | D        | Reached XP level 1. HP: 11/11 MP: 4/4
    52 | D        | Found a sacrificial altar of Ru.
    52 | D        | Found a basalt altar of Yredelemnul.
    52 | D        | Found a shadowy altar of Dithmenos.
    52 | D        | Found a deep blue altar of Sif Muna.
    52 | D        | Found a burning altar of Makhleb.
    52 | D        | Found a shimmering altar of Xom.
    52 | D        | Found an ancient bone altar of Kikubaaqudgha.
    52 | D        | Found a sparkling altar of Nemelex Xobeh.
    53 | D        | Found a glowing golden altar of the Shining One.
    53 | D        | Found a bloodstained altar of Trog.
    53 | D        | Found a shattered altar of Ashenzari.
    53 | D        | Found a white marble altar of Elyvilon.
    53 | D        | Found a snail-covered altar of Cheibriados.
    53 | D        | Found a blossoming altar of Fedhas.
    53 | D        | Found a radiant altar of Vehumet.
    53 | D        | Found a glowing silver altar of Zin.
    53 | D        | Found a corrupted altar of Lugonu.
    53 | D        | Found a viscous altar of Jiyva.
    53 | D        | Found a roughly hewn altar of Beogh.
    53 | D        | Found an iron altar of Okawaru.
    60 | D        | Found a stormy altar of Qazlal.
    60 | D        | Found an opulent altar of Gozag.
    68 | D        | Became a worshipper of Vehumet
    83 | D        | Reached skill level 1 in Fighting
    83 | D        | Reached skill level 1 in Long Blades
    86 | D        | Paralysed by a giant eyeball for 4 turns
    90 | D        | Reached XP level 2. HP: 16/18 MP: 4/7
   122 | D        | Learned a level 2 spell: Throw Flame
   140 | D        | Acquired Vehumet's first power
   140 | D        | Offered knowledge of Magic Dart by Vehumet.
   148 | D        | Slain by a river rat

Action                   || total
-------------------------++-------
Melee: Falchion          ||    10
 Cast: Flame Tongue      ||    10
 Stab: Sleeping          ||     3
